 Dungeon Crawl Stone Soup version 0.21-a0-274-gc1afaeb (webtiles) character file.

44 Espgualade the Skirmisher (level 3, -2/23 HPs)
             Began as a Tengu Ice Elementalist on Sept 18, 2017.
             Shot with an arrow by a centaur (6 damage)
             ... on level 2 of the Dungeon.
             The game lasted 00:03:46 (1333 turns).

Espgualade the Skirmisher (Tengu Ice Elementalist)  Turns: 1333, Time: 00:03:46

Health: -2/23      AC:  3    Str:  8    XL:     3   Next: 60%
Magic:  1/7        EV: 11    Int: 16    God:
Gold:   68         SH:  0    Dex: 14    Spells: 5/6 levels left

rFire    . . .     SeeInvis .   g - +0 short sword
rCold    . . .     Gourm    .   (no shield)
rNeg     . . .     Faith    .   a - +0 robe
rPois    .         Spirit   .   (helmet restricted)
rElec    .         Reflect  .   (no cloak)
rCorr    .         Harm     .   l - +0 pair of gloves
MR       .....                  (boots unavailable)
Stlth    ++........             (no amulet)
HPRegen  0.07/turn              (no ring)
MPRegen  0.10/turn              (no ring)

@: heavily drained
A: beak, talons 3
a: no special abilities


You were on level 2 of the Dungeon.
You were not hungry.

You visited 1 branch of the dungeon, and saw 2 of its levels.

You collected 68 gold pieces.

Inventory:

Hand Weapons
 g - a +0 short sword (weapon)
Armour
 a - a +0 robe (worn)
 l - a +0 pair of gloves (worn)
Scrolls
 h - 2 scrolls of immolation
Potions
 k - a potion of mutation {unknown}
 m - a potion of magic {unknown}
 n - a potion of agility {unknown}
 o - a potion of berserk rage
 q - a potion of haste {unknown}
Books
 b - a book of Frost

   Spells                             Type                      Level
   a - Freeze                         Ice                          1
   b - Throw Frost                    Conjuration/Ice              2
   c - Ozocubu's Armour               Charms/Ice                   3
   d - Throw Icicle                   Conjuration/Ice              4
   e - Summon Ice Beast               Ice/Summoning                4
Comestibles
 c - a bread ration
 d - a meat ration
 i - a royal jelly


   Skills:
 + Level 3.1(1.6) Fighting
 - Level 2.1(0.7) Dodging
 - Level 2.0(0.6) Stealth
 - Level 2.0(0.6) Spellcasting
   Level 1.3(0.0) Conjurations
 - Level 2.6(1.2) Ice Magic


You had 5 spell levels left.
You knew the following spells:

 Your Spells              Type           Power        Failure   Level  Hunger
a - Freeze                Ice            #...         14%         1    ##.....


Dungeon Overview and Level Annotations

Branches:
Dungeon (2/15)

Altars:

Annotations:
D:2 Sigmund, Terence


Innate Abilities, Weirdness & Mutations

You have a beak for a mouth.
You have claws for feet.


Message History

Aim: an adder (almost dead)
You freeze the adder.
You kill the adder!
Your base Fighting skill increases to level 3!
The rat misses you.
You closely miss the rat. Your peck misses the rat. The rat bites you.
You closely miss the rat. You claw the rat.
You kill the rat!
You start resting.
A centaur comes into view. It is wielding a dagger.
A centaur is nearby!
The centaur shouts!
The centaur unwields an uncursed dagger.
The centaur wields a shortbow.
The centaur shoots an arrow.
The arrow misses you.
The centaur shoots an arrow.
The arrow hits you.
* * * LOW HITPOINT WARNING * * *
You see here an arrow.
The centaur shoots an arrow.
The arrow hits you.
You die...

....[.......#....
...................#...#
..............#.........
........................
............c...........
........................
........................
........................
#..>@(...†.#+##......
#.....(....# ###....
############ #.#.. #.#.#
..#.# ####.# #.# #.# #..


You could see a centaur.

Vanquished Creatures
  An adder (D:2)
  2 leopard geckos (D:1)
  4 bats
  2 giant cockroaches
  3 goblins (D:1)
  6 hobgoblins
  8 kobolds
  A frilled lizard (D:1)
  5 rats
32 creatures vanquished.

Notes
Turn   | Place    | Note
-------+----------+-------------------------------------------
     0 | D:1      | Espgualade the Tengu Ice Elementalist began the quest for the Orb.
     0 | D:1      | Reached XP level 1. HP: 10/10 MP: 4/4
    81 | D:1      | Reached skill level 1 in Fighting
   140 | D:1      | Reached XP level 2. HP: 11/16 MP: 6/6
   434 | D:1      | Reached skill level 2 in Fighting
   907 | D:1      | Reached XP level 3. HP: 16/22 MP: 7/7
  1255 | D:2      | Noticed Sigmund
  1255 | D:2      | Noticed Terence
  1324 | D:2      | Reached skill level 3 in Fighting
  1330 | D:2      | Noticed a centaur
  1333 | D:2      | Shot with an arrow by a centaur

Vault maps used:
D:1:      dpeg_arrival_simpleton_b, serial_bayou_pond_e, minmay_pentomino_r4
D:2:      nicolae_ru_path_of_blood, first_bread, uniq_sigmund, uniq_terence

Skill      XL: |  1  2  3 |
---------------+----------+-----
Fighting       | 1 2 3 |  3.1
Dodging        | |  2.1
Stealth        | |  2.0
Spellcasting   | |  2.0
Conjurations   | |  1.3
Ice Magic      | |  2.6

Action                   || total
-------------------------++-------
Melee: Short sword       ||    50
       Unarmed           ||     5
       Kick              ||    15
       Peck              ||     4
       Dagger            ||     5
 Cast: Freeze            ||    25
  Use: Scroll            ||     4
       Potion            ||     2
 Stab: Sleeping          ||     2
  Eat: Chunk             ||     2
Armor: Robe              ||    14
       Skin              ||     2
Dodge: Dodged            ||    49

Table legend:
 A = Spawn XP
 B = Non-spawn XP
 C = Spawn XP percentage of total XP
 D = Spawn monster count
 E = Non-spawn monster count
 F = Spawn count percentage of total count
 G = Total turns spent on level
                    A         B        C        D         E        F      G
               +---------+---------+-------+---------+---------+-------+---------
         Total |       0 |      63 |   0.0 |       0 |      32 |   0.0 |  1333
               +---------+---------+-------+---------+---------+-------+---------
           D:1 |       0 |      34 |   0.0 |       0 |      22 |   0.0 |   957
           D:2 |       0 |      29 |   0.0 |       0 |      10 |   0.0 |   376
               +---------+---------+-------+---------+---------+-------+---------
